 Dungeon Crawl Stone Soup version 0.22.1-1-ga44c0e5 (webtiles) character file.

217 Fang the Skirmisher (level 5, -3/34 HPs)
             Began as a Gargoyle Berserker on Oct 9, 2018.
             Was a Believer of Trog.
             Slain by a phantom (5 damage)
             ... on level 4 of the Dungeon.
             The game lasted 00:03:31 (3058 turns).

Fang the Skirmisher (Gargoyle Berserker)            Turns: 3058, Time: 00:03:31

Health: -3/34      AC:  6    Str: 22    XL:     5   Next: 94%
Magic:  5/5        EV: 12    Int:  7    God:    Trog [**....]
Gold:   128        SH:  0    Dex:  9    Spells: 4/4 levels left

rFire    . . .     SeeInvis .   a - +0 hand axe
rCold    . . .     Gourm    .   (no shield)
rNeg     + . .     Faith    .   b - +0 animal skin
rPois    ∞         Spirit   .   (no helmet)
rElec    +         Reflect  .   (no cloak)
rCorr    .         Harm     .   (no gloves)
MR       .....                  (no boots)
Stlth    +.........             (no amulet)
HPRegen  0.11/turn              (no ring)
MPRegen  0.09/turn              (no ring)

@: no status effects
A: negative energy resistance 1, electricity resistance, unbreathing,
petrification resistance, rot immunity, AC +4
a: Berserk, Trog's Hand, Renounce Religion


You were on level 4 of the Dungeon.
You worshipped Trog.
Trog was pleased with you.
You were near starving.

You visited 1 branch of the dungeon, and saw 4 of its levels.

You collected 128 gold pieces.

Inventory:

Hand Weapons
 a - a +0 hand axe (weapon)
Armour
 b - a +0 animal skin (worn)
Scrolls
 f - 3 scrolls of magic mapping {unknown}
 h - 2 scrolls of teleportation {unknown}
 i - a scroll of enchant weapon {unknown}
Potions
 d - a potion of brilliance {unknown}
 e - 3 potions of haste {unknown}
 g - 3 potions of curing {unknown}
 j - a potion of heal wounds {unknown}
 k - 2 potions of degeneration {unknown}
Comestibles
 c - 7 rations


   Skills:
 + Level 4.7 Fighting
 + Level 4.3 Axes
 + Level 2.3 Armour
 + Level 2.5 Dodging
 + Level 1.2 Stealth


You had 4 spell levels left.
You didn't know any spells.
Your spell library was empty.

Dungeon Overview and Level Annotations

Branches:
Dungeon (4/15)
 Temple: D:4-7

Altars:
Dithmenos
Qazlal
Trog
Vehumet


Innate Abilities, Weirdness & Mutations

You are resistant to torment.
Your stone body is resilient. (AC +4)
You are immune to poison.
You resist negative energy. (rN+)
You are resistant to electric shocks. (rElec)
You can survive without breathing.
You are immune to petrification.
You are immune to rotting.


Message History

The phantom blinks!
The phantom hits you but does no damage.
The phantom hits you.
* * * LOW HITPOINT WARNING * * *
You hit the phantom.
The phantom is moderately damaged.
The phantom barely misses you. The phantom barely misses you.
The phantom hits you but does no damage.
You closely miss the phantom.
The phantom is moderately damaged.
The phantom barely misses you.
You barely miss the phantom.
The phantom is moderately damaged.
The phantom hits you.
* * * LOW HITPOINT WARNING * * *
You barely miss the phantom.
The phantom is moderately damaged.
The phantom hits you.
You die...

#...#.# #...
#...#.# #...
#...#.# #...#.#
#...#.# #...#.#
#...#.#######.
#...'.........
#.@W###########
#..............
#..............
#..............
###############


You could see a phantom.

Vanquished Creatures
  A howler monkey (D:2)
  3 gnolls (D:2)
  6 adders
  An ooze (D:2)
  3 worms (D:2)
  4 dart slugs
  A leopard gecko (D:3)
  6 orcs (D:3)
  2 ball pythons
  5 bats
  4 giant cockroaches
  8 goblins
  6 hobgoblins
  4 jackals (D:2)
  5 frilled lizards
  8 kobolds
  4 rats
71 creatures vanquished.

Notes
Turn   | Place    | Note
-------+----------+-------------------------------------------
     0 | D:1      | Fang the Gargoyle Berserker began the quest for the Orb.
     0 | D:1      | Reached XP level 1. HP: 14/14 MP: 1/1
   343 | D:1      | Reached XP level 2. HP: 18/19 MP: 2/2
   957 | D:2      | Reached XP level 3. HP: 19/24 MP: 3/3
   979 | D:2      | Reached ** piety under Trog
  1104 | D:2      | Found a shadowy altar of Dithmenos.
  1316 | D:2      | Reached XP level 4. HP: 21/29 MP: 4/4
  1484 | D:2      | Reached XP level 5. HP: 32/34 MP: 5/5
  2174 | D:2      | Found a bloodstained altar of Trog.
  2406 | D:3      | Reached skill level 1 in Stealth
  2783 | D:3      | Found a stormy altar of Qazlal.
  2783 | D:3      | Found a shadowy altar of Dithmenos.
  2784 | D:3      | Found a radiant altar of Vehumet.
  2963 | D:4      | Noticed a phantom
  3058 | D:4      | Slain by a phantom

Skill      XL: |  1  2  3  4  5 |
---------------+----------------+-----
Axes           | 3 4 |  4.3
Fighting       | 4 |  4.7
Dodging        | 2 |  2.5
Stealth        | 1 |  1.2
Armour         | |  2.3

Action                   |  1- 3 |  4- 6 || total
-------------------------+-------+-------++-------
Melee: Hand axe          |    81 |   192 ||   273
Invok: Berserk           |     1 |     2 ||     3
 Stab: Sleeping          |       |     1 ||     1
  Eat: Chunk             |     2 |     6 ||     8
Armor: Animal skin       |    28 |    52 ||    80
Dodge: Dodged            |    52 |   114 ||   166
